 Dungeon Crawl Stone Soup version 0.30.0-13-g156ef70053 (webtiles) character file.

Game seed: 17922687913031965118

4 Esekla the Grave Robber (level 1, -1/11 HPs)
             Began as an Octopode Necromancer on May 17, 2023.
             Slain by a ball python (2 damage)
             ... on level 1 of the Dungeon.
             The game lasted 00:00:25 (182 turns).

Esekla the Grave Robber (Octopode Necromancer)       Turns: 182, Time: 00:00:25

Health: -1/11      AC:  1    Str:  7    XL:     1   Next: 60%
Magic:  3/3        EV: 13    Int: 17    God:
Gold:   10         SH:  0    Dex: 12    Spells: 3/4 levels left

rFire   . . .        (no weapon)
rCold   . . .        (no shield)
rNeg    . . .        (helmet restricted)
rPois   .            (no amulet)
rElec   .            (no ring)
rCorr   .            (no ring)
SInv    .            (no ring)
Will    .....        (no ring)
Stlth   +++          (no ring)
HPRegen 0.21/turn    (no ring)
MPRegen 0.08/turn    (no ring)
                     (no ring)

%: no passive effects
@: no status effects
A: almost no armour, amphibious, 8 rings, camouflage 1, gelatinous body 1,
(nimble swimmer 1), tentacles
a: no special abilities


You were on level 1 of the Dungeon.
You visited 1 branch of the dungeon, and saw 1 of its levels.

You collected 10 gold pieces.

Inventory:

Potions
 a - a potion of magic


   Skills:
 * Level 2.0 Dodging
 + Level 2.7 Stealth
 * Level 2.1 Spellcasting
 + Level 4.1 Necromancy


You had 3 spell levels left.
You knew the following spells:

 Your Spells              Type           Power      Damage    Failure   Level
a - Necrotise             Necr           60%        1d7       3%          1

Your spell library contained the following spells:

 Spells                   Type           Power      Damage    Failure   Level
 Vampiric Draining        Necr           15%        2d7       11%         3
 Animate Dead             Necr           15%        N/A       34%         4
 Agony                    Necr           15%        N/A       69%         5


Dungeon Overview and Level Annotations

Branches:
Dungeon (1/15)

Altars:


Innate Abilities, Weirdness & Mutations

You cannot wear most types of armour.
You are amphibious.
You can wear up to eight rings at the same time.
Your skin changes colour to match your surroundings (Stealth+).
Your rubbery body absorbs attacks. (AC +1, EV +1)
((You are camouflaged when in or above water. (Stealth+)))
You have tentacles for arms and can constrict up to eight enemies at once.


Message History

You constrict the jackal. The jackal bites you.
You tentacle-slap the jackal but do no damage.
You squeeze the jackal, but do no damage.
The jackal is almost dead.
You constrict the jackal, but do no damage.
The jackal misses you.
You tentacle-slap the jackal but do no damage.
The jackal is almost dead.
You constrict the jackal.
You kill the jackal!
You start resting.
HP restored.
You start waiting.
Done waiting.
Found a stone staircase leading down.
A goblin comes into view. It is wielding a +0 club.
The goblin shouts!
You hear a shout!
A kobold comes into view. It is wielding a +0 club.
The goblin barely misses you.
You barely miss the goblin. Your grab misses the goblin.
The goblin hits you with a +0 club.
The kobold throws a stone.
The stone misses you.
The stone misses the goblin.
You barely miss the goblin. Your grab misses the goblin.
Your squeeze misses the goblin. The goblin hits you with a +0 club.
You tentacle-slap the goblin but do no damage.
Your grab misses the goblin. You squeeze the goblin.
You kill the goblin!
The kobold throws a stone.
The stone completely misses you.
A kobold comes into view. It is wielding a +0 whip.
A ball python comes into view.
The kobold hits you with a +0 club.
* * * LOW HITPOINT WARNING * * *
The ball python hisses angrily.
The kobold shouts!
You tentacle-slap the kobold but do no damage.
Your grab misses the kobold. The ball python barely misses you.
The ball python closely misses you. The kobold hits you with a +0 club.
* * * LOW HITPOINT WARNING * * *
You miss the kobold. Your grab misses the kobold. The ball python bites you.
You die...

##...###.#
##...###.#######
####
......†........# ...
......######...##.##
......# ###.#...#
...##.# #..)..# ..♣
#.# #>..#.# .. #.#
###S#.##### .. #.#
#@K...... . #.#
#K#.##### .. ..#.#
##.# # #.# #.# #.#
...


You could see a ball python and 2 kobolds.

Vanquished Creatures
  A goblin (D:1)
  2 jackals (D:1)
3 creatures vanquished.

Notes
Turn   | Place    | Note
-------+----------+-------------------------------------------
     0 | D:1      | Esekla the Octopode Necromancer began the quest for the
                  | Orb.
     0 | D:1      | Reached XP level 1. HP: 11/11 MP: 3/3
   182 | D:1      | Slain by a ball python

Illustrated notes

Levels and vault maps discovered:
D:1:      lightli_arrival_farm, layout_basic,
          hellmonk_ecumenical_altar_arch_garden, serial_shops,
          nicolae_diamond_shop, minmay_strange_pillars,
          ebering_dispersal_statue_hall

Action                     || total
---------------------------++-------
  Melee: Unarmed           ||    15
         Tentacles         ||     3
         Constrict         ||     2
 Armour: Skin              ||     1
  Dodge: Dodged            ||    15
